 Dungeon Crawl Stone Soup version 0.20-a0-513-g02c11fc (webtiles) character file.

869 anuswrecked the Magician (level 7, 0/52 HPs)
             Began as a Mummy Wizard on Jan 23, 2017.
             Slain by a gnoll
             ... wielding a cursed -1 flail
              (13 damage)
             ... on level 4 of the Dungeon.
             The game lasted 00:15:04 (5174 turns).

anuswrecked the Magician (Mummy Wizard)             Turns: 5174, Time: 00:15:05

Health: 0/52       AC:  4    Str: 13    XL:     7   Next: 73%
Magic:  3/15       EV: 12    Int: 17    God:
Gold:   158        SH:  4    Dex: 10    Spells: 6/16 levels left

rFire    x . .     SeeInvis +   i - +0 spear
rCold    + . .     Gourm    .   g - +0 leather armour
rNeg     + + +     Faith    .   (no shield)
rPois    ∞         Spirit   .   b - +0 hat
rElec    .         Reflect  +   p - +0 cloak
rCorr    .         Harm     .   (no gloves)
MR       .....                  (no boots)
Stlth    +.........             d - +4 amulet of reflection
Regen    0.2/turn               (no ring)
                                f - ring of see invisible

@: repel missiles
A: no food or potions, fire vulnerability, cold resistance 1, negative energy
resistance 3, torment resistance, unbreathing
a: no special abilities


You were on level 4 of the Dungeon.
You were not hungry.

You visited 1 branch of the dungeon, and saw 5 of its levels.

You collected 158 gold pieces.

Inventory:

Hand Weapons
 i - a +0 spear (weapon)
Armour
 b - a +0 hat (worn)
 g - a +0 leather armour (worn)
 p - a +0 cloak (worn)
Jewellery
 d - a +4 amulet of reflection (around neck)
 f - a ring of see invisible (left hand)
Wands
 l - a wand of polymorph (10/24)
Scrolls
 a - 3 scrolls of teleportation
 e - a scroll of recharging {unknown}
 h - 3 scrolls of remove curse {unknown}
 j - 2 scrolls of fog {unknown}
 k - 2 scrolls of identify {unknown}
 m - a scroll of fear {unknown}
 n - a scroll of enchant armour {unknown}
 o - 2 scrolls of noise {unknown}
Books
 c - a book of Minor Magic

   Spells                             Type                      Level
   a - Magic Dart                     Conjuration                  1
   b - Blink                          Translocation                2
   c - Call Imp                       Summoning                    2
   d - Repel Missiles                 Charms/Air                   2
   e - Slow                           Hexes                        2
   f - Conjure Flame                  Conjuration/Fire             3
   g - Mephitic Cloud                 Conjuration/Poison/Air       3


   Skills:
 + Level 3.0 Fighting
 * Level 3.0 Polearms
 * Level 3.2 Armour
 + Level 2.6 Dodging
 - Level 1.5 Stealth
 + Level 5.4 Spellcasting
 - Level 2.0 Conjurations
 - Level 1.0 Summonings
 - Level 1.0 Translocations
 - Level 1.0 Air Magic
 * Level 1.6 Poison Magic


You had 6 spell levels left.
You knew the following spells:

 Your Spells              Type           Power        Failure   Level  Hunger
a - Magic Dart            Conj           ##..         10%         1    N/A
b - Blink                 Tloc           N/A          21%         2    N/A
c - Call Imp              Summ           #.......     21%         2    N/A
d - Mephitic Cloud        Conj/Pois/Air  #.......     34%         3    N/A
z - Repel Missiles        Chrm/Air       #.....       24%         2    N/A

Dungeon Overview and Level Annotations

Branches:
Dungeon (5/15)
 Temple: D:4-7

Altars:
Makhleb
Qazlal
Zin

Shops:
D:4 }


Innate Abilities, Weirdness & Mutations

You do not eat or drink.
Your flesh is vulnerable to fire.
You are immune to poison.
Your flesh is cold resistant. (rC+)
You are immune to negative energy. (rN+++)
You are immune to unholy pain and torment.
You can survive without breathing.


Message History

Aiming: Mephitic Cloud
Press: ? - help, Shift-Dir - straight line, f - gnoll, p - gnoll
Aim: a gnoll, wielding a flail and wearing a glowing ring mail (almost dead)
The ball explodes into a vile cloud!
The stinking cloud engulfs the gnoll.
The gnoll appears unharmed.
The gnoll is almost dead.
The stinking cloud engulfs the gnoll.
The stinking cloud engulfs you!
You hear a shout!
The gnoll screams, "I'll kill you anyway!"
The gnoll misses you.
The gnoll is engulfed in noxious fumes.
The gnoll appears confused.
Casting: Mephitic Cloud
Confirm with . or Enter, or press ? or * to list all spells.
Aiming: Magic Dart
Press: ? - help, Shift-Dir - straight line, f/p - gnoll
Aim: a gnoll, wielding a flail and wearing a glowing ring mail (almost dead)
The magic dart hits the gnoll.
The gnoll is almost dead.
The gnoll hits you with a flail!
You die...

. .#.##.## #.
#(#########.# .
.#.#...##.##. #.# #.#
. ............. #.#
#.## .##..#... #.#.#
##.# #... ..... #.#
#.#.# #..# #.## ..#.#
#.# #.#.# #.## #.#
..#.###J# #.#.# #.#
#.#
.....)..###.#g#####.#
#.#
........##g..§§g@...#
#.##
#...........#.#######
#... ###.###.###.#.#
#### #.# #.###.#.#
###.###.#....$.
..........#.#.#
###..##.##....#
####...######
##...(.##


You could see 3 gnolls.

Vanquished Creatures
  Pikel (D:4)
  The ghost of mopl the Slasher, an amateur BaFi (D:3)
  An ogre (D:4)
  A scorpion (D:4)
  A bullfrog skeleton (D:3)
  Ijyb (D:1)
  Jessica (D:3)
  A gnoll (D:4)
  3 adders
  An ooze (D:4)
  A dart slug (D:3)
  3 leopard geckos
  4 orcs
  4 bats
  3 giant cockroaches
  10 goblins
  13 hobgoblins
  7 jackals
  5 frilled lizards
  6 kobolds
  A leopard gecko skeleton (D:4)
  6 rats
75 creatures vanquished.

Vanquished Creatures (collateral kills)
  Sigmund (D:2)
  Edmund (D:4)
  A hound (D:4)
  An adder (D:4)
  An orc (D:4)
5 creatures vanquished.

Vanquished Creatures (others)
  2 slaves (D:4)
2 creatures vanquished.

Grand Total: 82 creatures vanquished

Notes
Turn   | Place    | Note
-------+----------+-------------------------------------------
     0 | D:1      | anuswrecked the Mummy Wizard began the quest for the Orb.
     0 | D:1      | Reached XP level 1. HP: 13/13 MP: 5/5
    59 | D:1      | Reached skill level 1 in Conjurations
   382 | D:2      | Reached XP level 2. HP: 4/19 MP: 0/7
   631 | D:2      | Learned a level 2 spell: Blink
   634 | D:2      | Learned a level 2 spell: Call Imp
   637 | D:2      | Learned a level 2 spell: Repel Missiles
   973 | D:1      | Reached skill level 1 in Fighting
  1451 | D:1      | Reached XP level 3. HP: 26/26 MP: 4/8
  1456 | D:1      | Learned a level 3 spell: Mephitic Cloud
  2497 | D:2      | Found a glowing silver altar of Zin.
  2531 | D:2      | Reached skill level 1 in Armour
  2725 | D:2      | Noticed Sigmund
  2725 | D:2      | Noticed Ijyb
  2769 | D:1      | Killed Ijyb
  2769 | D:1      | Reached skill level 1 in Summonings
  2769 | D:1      | Reached XP level 4. HP: 19/33 MP: 0/10
  3134 | D:3      | Noticed Jessica
  3142 | D:3      | Killed Jessica
  3142 | D:3      | Reached skill level 1 in Translocations
  3474 | D:3      | Noticed mopl's ghost (amateur BaFi)
  3553 | D:3      | Killed mopl's ghost
  3553 | D:3      | Reached skill level 1 in Polearms
  3553 | D:3      | Reached XP level 5. HP: 36/38 MP: 0/11
  3706 | D:3      | Found a faded altar of an unknown god.
  4087 | D:2      | Killed Sigmund
  4087 | D:2      | Reached XP level 6. HP: 38/45 MP: 6/13
  4601 | D:4      | Found a stormy altar of Qazlal.
  4637 | D:4      | Found Doraxur's Gadget Emporium.
  4673 | D:4      | Reached skill level 5 in Spellcasting
  4673 | D:4      | Reached skill level 1 in Air Magic
  4722 | D:5      | Entered Level 5 of the Dungeon
  4768 | D:4      | Noticed Pikel
  4768 | D:4      | Noticed a slave
  4768 | D:4      | Noticed a slave
  4768 | D:4      | Noticed a slave
  4768 | D:4      | Noticed a slave
  4786 | D:4      | Killed Pikel
  4786 | D:4      | Reached skill level 1 in Poison Magic
  4786 | D:4      | Reached XP level 7. HP: 46/51 MP: 4/14
  4843 | D:4      | Noticed Edmund
  4876 | D:4      | Killed Edmund
  5072 | D:4      | Found a burning altar of Makhleb.
  5174 | D:4      | Slain by a gnoll

Vault maps used:
D:1:      dpeg_arrival_morbid_curiosity, minivault_24
D:2:      lemuel_crystal_altar, minmay_circled_x, uniq_sigmund, uniq_iyjb
D:3:      serial_co_window_serial, co_window_paths_a, co_window_paths_b,
          co_window_of_opportunity_a, co_window_of_opportunity_a,
          co_window_corner_a, co_window_corner_a, co_window_unsneaky_path_d,
          co_window_broadway_a, co_window_corner_ca, glass_columns_b,
          glass_columns_b, glass_columns_b, glass_columns_b,
          chequers_ecumenical_altar_simple_redux, uniq_jessica
D:4:      lemuel_round_altar, marbit_many_paths, first_bread, serial_shops,
          shop, uniq_edmund, uniq_pikel
D:5:      lemuel_crystal_altar

Skill      XL: |  1  2  3  4  5  6  7 |
---------------+----------------------+-----
Conjurations   | 1 2 |  2.0
Fighting       | 1 2 3 |  3.0
Armour         | 1 2 3 |  3.2
Summonings     | 1 |  1.0
Translocations | 1 |  1.0
Polearms       | 1 2 3 |  3.0
Dodging        | 2 |  2.6
Spellcasting   | 5 |  5.4
Air Magic      | 1 |  1.0
Poison Magic   | 1 |  1.6
Stealth        | |  1.5

Action                   |  1- 3 |  4- 6 |  7- 9 || total
-------------------------+-------+-------+-------++-------
Melee: Unarmed           |    63 |       |       ||    63
       Spear             |    16 |    76 |    21 ||   113
 Cast: Magic Dart        |   116 |    71 |    18 ||   205
       Repel Missiles    |     1 |     1 |       ||     2
       Call Imp          |       |     8 |     3 ||    11
       Mephitic Cloud    |       |     3 |     4 ||     7
  Use: Scroll            |       |     1 |       ||     1
 Stab: Distracted        |       |     1 |       ||     1
       Confused          |       |       |     1 ||     1
Armor: Robe              |    14 |       |       ||    14
       Leather armour    |    11 |    16 |       ||    27
Dodge: Dodged            |    80 |    48 |    14 ||   142
       Deflected         |     1 |     3 |     1 ||     5
Block: Other             |    17 |    14 |     1 ||    32
